 Dungeon Crawl Stone Soup version 0.31-a0-1603-gbec6b6c (webtiles) character file.

Game seed: 10080861358893833680

1017 Dorkslayer the Sneak (level 8, 0/50 HPs)
             Began as an Octopode Shapeshifter on Jan 7, 2024.
             Slain by an orc warrior
             ... wielding a +0 mace
              (11 damage)
             ... on level 4 of the Dungeon.
             The game lasted 00:07:04 (2704 turns).

Dorkslayer the Sneak (Octopode Shapeshifter)        Turns: 2704, Time: 00:07:05

Health: 0/50       AC:  1    Str: 14    XL:     8   Next: 22%
Magic:  12/12      EV: 29    Int: 18    God:
Gold:   125        SH:  0    Dex: 13    Spells: 13/13 levels left

rFire   . . .        j - +1 dagger (venom)
rCold   . . .        (no shield)
rNeg    . . .        (helmet currently unavailable)
rPois   .            h - amulet of the acrobat
rElec   .            i - +6 ring of intelligence
rCorr   .            (no ring)
SInv    .            (no ring)
Will    .....        (no ring)
Stlth   ++++         (no ring)
HPRegen 0.28/turn    (no ring)
MPRegen 0.13/turn    (no ring)
                     (no ring)

%: acrobat
@: beast-form, marked, acrobatic
A: beast (slay +2), almost no armour, amphibious, 8 rings, camouflage 1,
gelatinous body 1, (nimble swimmer 1), tentacles
a: Begin Untransformation


You were on level 4 of the Dungeon.
You were a hulking beast.
You visited 1 branch of the dungeon, and saw 5 of its levels.

You collected 125 gold pieces.

Inventory:

Hand Weapons
 j - a +1 dagger of venom (weapon)
Missiles
 d - 6 atropa-tipped darts (quivered)
Armour
 f - a +0 buckler
Jewellery
 h - an amulet of the acrobat (around mantle)
 i - a +6 ring of intelligence (left tentacle)
Talismans
 b - a beast talisman
 c - a flux talisman
Potions
 a - a potion of lignification
 e - a potion of mutation {unknown}
 m - a potion of might {unknown}
 n - a potion of cancellation {unknown}


   Skills:
 + Level 1.9 Fighting
 + Level 2.9 Short Blades
 + Level 3.1 Dodging
 + Level 6.8 Stealth
 * Level 5.4 Unarmed Combat
 * Level 3.0 Spellcasting
 + Level 3.9 Shapeshifting


You had 13 spell levels left.
You didn't know any spells.
Your spell library contained the following spells:

 Spells                   Type           Power      Damage    Failure   Level
 Jinxbite                 Hex            4%         N/A       24%         2
 Static Discharge         Conj/Air       4%         3-4/arc   24%         2
 Stone Arrow              Conj/Erth      4%         3d7       43%         3
 Airstrike                Air            1%         2d(1-17)  85%         4
 Summon Lightning Spire   Summ/Air       2%         N/A       85%         4
 Yara's Violent Unravell  Hex/Alch       1%         3d3       99%         5
 Enfeeble                 Hex            1%         N/A       100%        7
 Lehudib's Crystal Spear  Conj/Erth      1%         10d2      100%        8
 Animate Armour           Summ/Erth      Unusable   N/A       N/A         4

Dungeon Overview and Level Annotations

Branches:
Dungeon (5/15)
 Temple: D:4-7

Altars:
The Shining One

Shops:
D:1 =   D:2 (   D:4 (


Innate Abilities, Weirdness & Mutations

You are a hulking beast.
Your limbs bulge with bestial killing power. (Slay +2)
You cannot wear most types of armour.
You are amphibious.
You can wear up to eight rings at the same time.
Your skin changes colour to match your surroundings (Stealth+).
Your rubbery body absorbs attacks. (AC +1, EV +1)
((You are camouflaged when in or above water. (Stealth+)))
You have tentacles for arms and can constrict up to eight enemies at once.


Message History

The shadow imp gestures at you. Pain shoots through your body!
Found a scroll of identify.
The shadow imp spits at you.
An orc warrior comes into view. It is wielding a +0 mace.
An orc comes into view. It is wielding a +0 hand axe.
The orc warrior moves out of view.
You completely miss the shadow imp. You grab the shadow imp.
You constrict the shadow imp. You hit the shadow imp.
You squeeze the shadow imp.
You kill the shadow imp!
An orc priest comes into view. It is wielding a +0 club.
An orc comes into view. It is wielding a +0 flail.
There is a stone staircase leading up here.
An orc comes into view. It is wielding a +0 falchion.
There is a stone staircase leading up here.
The orc priest invokes the aid of Beogh against you.
Beogh smites you! The orc warrior closely misses you.
You climb upwards.
There is a stone staircase leading down here.
You hit the orc warrior.
The orc warrior is poisoned.
You grab the orc warrior.
The orc warrior is lightly wounded.
You constrict the orc warrior, but do no damage.
The orc warrior barely misses you.
You hit the orc warrior.
The orc warrior looks as sick as possible!
The orc warrior is moderately wounded.
You constrict the orc warrior.
The orc warrior hits you with a +0 mace.
You hit the orc warrior but do no damage.
The orc warrior looks as sick as possible!
The orc warrior is heavily wounded.
You constrict the orc warrior.
The orc warrior hits you with a +0 mace!
* * * LOW HITPOINT WARNING * * *
You release your grip on the orc warrior.
The orc warrior attacks as it pursues you!
The orc warrior hits you with a +0 mace!
You die...

.......#########.....#####.##
#.....## ##...........## ###
##....# ##.............##
##..## #...............## ##.#
##................# ###
#.........)......##
##...............##
###...............## ### #
###...........h....## ##.##
###..............o...#####...##
.....###...........#..##......#
...### ###........###.#.......#
..## ####...### #.........# ..#
##### ##.........# .##
##..........# .# ##...........#
.# #...........##


You could see an orc warrior (extremely poisoned).

Vanquished Creatures
  Pikel (D:4)
  Sigmund (D:2)
  2 lemures (D:4)
  A scorpion (D:4)
  A bombardier beetle (D:3)
  2 hounds (D:4)
  Jessica (D:2)
  Natasha (thrice) (D:2)
  A sleepcap (D:4)
  An iguana (D:4)
  3 gnolls (D:4)
  2 adders
  A shadow imp (D:5)
  3 dart slugs
  2 ribbon worms
  2 orcs (D:3)
  3 endoplasms
  4 giant cockroaches
  7 goblins
  3 hobgoblins
  3 quokkas
  7 ball pythons
  5 bats
  3 frilled lizards
  6 kobolds
  5 rats
73 creatures vanquished.

Vanquished Creatures (collateral kills)
  An orc (D:4)
1 creature vanquished.

Grand Total: 74 creatures vanquished

Notes
Turn   | Place    | Note
-------+----------+-------------------------------------------
     0 | D:1      | Dorkslayer the Octopode Shapeshifter began the quest for
                  | the Orb.
     0 | D:1      | Reached XP level 1. HP: 13/13 MP: 1/1
   175 | D:1      | Reached XP level 2. HP: 18/18 MP: 2/2
   332 | D:1      | Found Metumoff's Jewellery Emporium.
   508 | D:2      | Found Ykosoi's Antique Weapon Shop.
   612 | D:2      | Reached XP level 3. HP: 23/23 MP: 3/3
   650 | D:2      | Noticed Jessica
   660 | D:2      | Killed Jessica
   661 | D:2      | Reached skill level 1 in Stealth
   754 | D:2      | Reached XP level 4. HP: 28/28 MP: 4/4
   771 | D:2      | Noticed Natasha
   779 | D:2      | Killed Natasha
   780 | D:2      | Reached skill level 2 in Stealth
   861 | D:2      | Noticed Natasha
   870 | D:2      | Killed Natasha
   871 | D:2      | Reached skill level 1 in Spellcasting
   930 | D:2      | Reached XP level 5. HP: 33/33 MP: 6/6
  1020 | D:2      | Noticed Sigmund
  1027 | D:2      | Killed Sigmund
  1028 | D:2      | Reached skill level 1 in Short Blades
  1028 | D:2      | Reached skill level 4 in Stealth
  1028 | D:2      | Reached XP level 6. HP: 38/38 MP: 6/8
  1168 | D:2      | Noticed Natasha
  1177 | D:2      | Killed Natasha
  1286 | D:3      | Found a faded altar of an unknown god.
  1462 | D:3      | Found a glowing golden altar of the Shining One.
  2006 | D:4      | Reached skill level 5 in Stealth
  2008 | D:4      | Reached XP level 7. HP: 7/43 MP: 10/10
  2176 | D:4      | Noticed Pikel
  2210 | D:4      | Killed Pikel
  2211 | D:4      | Reached skill level 6 in Stealth
  2211 | D:4      | Reached skill level 5 in Unarmed Combat
  2211 | D:4      | Reached XP level 8. HP: 23/50 MP: 10/12
  2233 | D:4      | Found Nemogo's Weapon Boutique.
  2668 | D:5      | Entered Level 5 of the Dungeon
  2704 | D:4      | Slain by an orc warrior

Illustrated notes

Levels and vault maps discovered:
D:1:      minmay_arrival_plants_in_alcoves, layout_basic, serial_shops, shop
D:2:      layout_loops_ring, serial_shops, nicolae_shop_behind_doors,
          uniq_natasha, uniq_jessica, uniq_sigmund
D:3:      layout_rooms, lemuel_coloured_pillars_altar, basic_ecumenical_altar,
          chequers_serial_rivers_micro_a
D:4:      layout_cave_pods, serial_shops, shop, kennysheep_generic_room_15,
          uniq_pikel
D:5:      layout_layer_cave, lemuel_doored_altar, uniq_duvessa

Skill      XL: |  1  2  3  4  5  6  7 |
---------------+----------------------+-----
Stealth        | 1 2 4 5 6 |  6.8
Unarmed Combat | 4 5 |  5.4
Spellcasting   | 1 2 3 |  3.0
Short Blades   | 1 2 |  2.9
Dodging        | 3 |  3.1
Fighting       | |  1.9
Shapeshifting  | |  3.9

Action                     |  1- 3 |  4- 6 |  7- 9 || total
---------------------------+-------+-------+-------++-------
  Melee: Unarmed           |    27 |       |       ||    27
         Constrict         |    10 |    19 |    11 ||    40
         Dagger            |    22 |    64 |    38 ||   124
         Tentacles         |     4 |    15 |    11 ||    30
         Punch             |     1 |     4 |     4 ||     9
    Use: Scroll            |       |     6 |     1 ||     7
         Potion            |       |       |     1 ||     1
   Stab: Sleeping          |     9 |    13 |       ||    22
         Invisible         |       |       |     2 ||     2
 Armour: Skin              |    15 |    24 |    18 ||    57
  Dodge: Dodged            |    31 |    38 |    26 ||    95

Table legend: (Time is in decaauts)
 A = Elapsed time spent in this place.
 B = Non-inter-level travel time spent in this place.
 C = Inter-level travel time spent in this place.
 D = Time resting spent in this place.
 E = Time spent auto-exploring this place.
 F = Levels seen in this place.
 G = Mean time per level.
                   A        B        C        D        E       F      G
               +--------+--------+--------+--------+--------+-----+--------+
         Total |   2693 |   2693 |      0 |    133 |   1479 |   5 |  538.6 |
       Dungeon |   2693 |   2693 |      0 |    133 |   1479 |   5 |  538.6 |
               +--------+--------+--------+--------+--------+-----+--------+

Top non-repeatable levels by time:
     D:4: 1047 daAuts
     D:2: 806 daAuts
     D:1: 458 daAuts
     D:3: 351 daAuts
     D:5: 31 daAuts
